Workbook
Name 第１号様式その１: '[1]1-1(新旧対照表)'!$A$1:$AC$45
Name 第１号様式その２: '[1]1-2(新旧対照表)'!$A$1:$AC$39
Name 第５号様式その２: #REF!
Name 第５号様式その２: #REF!
Name 第５号様式その２: #REF!
Name 第５号様式その２: #REF!
Name 第５号様式その２: #REF!
Name 第５号様式その２: #REF!
Name 第５号様式その２: #REF!
Name 第６号様式その１: '[1]6-1(新旧対照表)'!$A$1:$AE$46
Name 第６号様式その２: #REF!
Name 第６号様式その２: #REF!
Name 第７号様式: #REF!
Name 第７号様式: #REF!
Name 第７号様式: #REF!
Name 第７号様式: #REF!
Name 第７号様式: #REF!
Name 第７号様式: #REF!
Name 第７号様式: #REF!
Name 別表３の１: #REF!
Name 別表３の１: #REF!
Name 別表３の１: #REF!
Name 別表３の１: #REF!
Name 別表３の１: #REF!
Name 別表３の１: #REF!
Name 別表３の１: #REF!
Name 別表３の２: #REF!
Name 別表３の２: #REF!
Name 別表３の２: #REF!
Name 別表３の２: #REF!
Name 別表３の２: #REF!
Name 別表３の２: #REF!
Name 別表３の２: #REF!
Name 別表３の３: #REF!
Name 別表３の３: #REF!
Name 別表３の３: #REF!
Name 別表３の３: #REF!
Name 別表３の３: #REF!
Name 別表３の３: #REF!
Name 別表３の３: #REF!
Name 別表３の４: #REF!
Name 別表３の４: #REF!
Name 別表３の４: #REF!
Name 別表３の４: #REF!
Name 別表３の４: #REF!
Name 別表３の４: #REF!
Name 別表３の４: #REF!
Name 別表３の５: #REF!
Name 別表３の５: #REF!
Name 別表３の５: #REF!
Name 別表３の５: #REF!
Name 別表３の５: #REF!
Name 別表３の５: #REF!
Name 別表３の５: #REF!
Name 別表４: #REF!
Name 別表４: #REF!
Name 別表４: #REF!
Name 別表４: #REF!
Name 別表４: #REF!
Name 別表４: #REF!

Sheet 入札説明書
B1: 公立大学法人横浜市立大学告示 | N1: 92
B2: 一般競争入札（物品・委託等）の実施
B3: 公立大学法人横浜市立大学が行う物品、その他の調達等に係る契約について、次のとおり、
B4: 一般競争入札を実施します。
AV5: ☑
B6: 46296 | W6: 公立大学法人横浜市立大学理事長 近野 真一
A7: 入 札 説 明 書
B8: 契約番号 | I8: 大26010
B9: 件名 | J9: 消化器内視鏡システム及び大腸ビデオスコープ一式の購入
B11: 入札実施 | J11: 46317 | W11: 0.41666667
J12: 横浜市立大学 金沢八景キャンパス（横浜市金沢区瀬戸２２番２号）
B13: 日時・場所 | J13: 本校舎１階 ゼミ１６室
B14: 発注概要 | J14: ☑ | K14: 確定契約 | T14: □ | U14: 概算契約（概算数量契約）
J15: オリンパス株式会社 消化器内視鏡システム＆大腸ビデオスコープ一式の購入
B16: 停止条件 | I16: 令和●年度公立大学法人横浜市立大学予算が決定されることを停止条件とします。
B17: 調査基準価格 | I17: ―
B18: 履行(納入) | J18: □ | K18: 契約締結した日から | T18: 日以内 | X18: ☑ | Y18: 契約締結した日から | AF18: 46374
B19: 期限･期間 | J19: □ | K19: 令和 | O19: 年 | R19: 月 | U19: 日から令和 | AA19: 年 | AD19: 月 | AG19: 日
B20: 履行(納入) | J20: 兵庫県神戸市中央区港島南町7-1-16 神戸医療機器開発センター（MEDDEC）
B21: 場所
B22: 支払条件 | I22: 前 金 払 | P22: ☑ | Q22: しない | W22: □ | X22: す る
I23: 部 分 払 | P23: ☑ | Q23: しない | W23: □ | X23: す る（ | AE23: 回以内） | AS23: □ | AU23: ☑
B24: 入札参加資格 | J24: ●「令和７･８年度横浜市一般競争入札有資格者名簿（物品・委託等）」に次の内容で 登録されている者 【営業種目】019：医療機械器具 【細 目】Ａ：医療機器 【所在地区分】市内、準市内
I28: １ 横浜市指名停止等措置要綱に基づく一般競争参加停止及び指名停止措置を受けていない者
I29: ２ 公立大学法人横浜市立大学契約事務取扱規程第６条第２項の競争参加停止
I30: 措置の通知を受けていない者
B31: 入札時提出書類 | J31: ☑ | L31: 入札書のみ | R31: □ | T31: 入札書他（ | AO31: ）
B32: 資格確認時 提出書類 | J32: ●調達物件メーカーの発行する引受証明書 ※上記書類は開札後に提出。入札参加にあたり、事前手続きは要しない。 提出期限 入札実施日５日後の午後５時まで（土日祝日の場合その翌日）
B35: 仕様書の | J35: 公立大学法人横浜市立大学ホームページに掲載
B36: 閲覧 | J36: https://www.yokohama-cu.ac.jp/contract/index.html
I37: ※ | J37: 入札仕様書他は本件告示のＷＥＢサイトからダウンロード可能となっています。
B38: 仕様に関する | J38: 質問期限： | N38: 46303 | X38: 午後5時まで
B39: 質問受付 | J39: 質問受付： | N39: 公立大学法人横浜市立大学 | X39: 福浦キャンパス
N40: 研究基盤課 医学系研究費管理担当 | AC40: （電話）０４５－７８７－２５０３
N41: （電子メールアドレス）fkenkyu@yokohama-cu.ac.jp
I42: ※ | J42: 仕様（設計）に関する質問は、メールで上記までお送りいただき、その旨を電話で
J43: お知らせください。
J44: 質問回答期限： | P44: 46310 | Z44: 午後5時まで
I45: ※ | J45: 仕様に関する回答は、質問期限後に全ての質問をまとめて回答期限までに本件告示
J46: のＷＥＢサイトに掲載します。
B47: 入札金額の | I47: 入札書には、入札者が消費税法第９条第１項規定の免税事業者であるか課税事業者で
B48: 記載方法 | I48: あるかを問わず、見積もった契約希望額の１１０分の１００に相当する金額を記載して
I49: ください。課税事業者の場合、消費税率は１０％で積算してください。
B50: 契約金額 | I50: 契約金額は、入札者が消費税法第９条第１項規定の免税事業者であるか課税事業者で
I51: あるかを問わず、入札書に記載された金額に当該金額の１００分の１０に相当する額
I52: （消費税額及び地方消費税相当額（当該金額に１円未満の端数があるときはその端数金額を
I53: 切り捨てた金額）。）を加えた金額とします。
B54: 入札方法 | J54: 入札書の郵送による一般競争入札 ※持参による提出は認めません
I55: （1） | K55: 提出期限及び郵送先
K56: 46316 | U56: 午後5時までに契約担当課に必着のこと
K57: 〒236-0027 横浜市金沢区瀬戸２２番２号
K58: 公立大学法人横浜市立大学 企画財務課企画財務担当 宛て
I59: （2） | K59: 方法
L60: 郵便入札は、書留郵便（一般書留・簡易書留）によらなければなりません。
K61: この書留郵便は、二重封筒とし、別紙様式による入札書を中封筒に入れ、封かんして
K62: ください。中封筒には契約番号、入札件名、入札参加者名及び入札日時を記入、入札書在
K63: 中と朱書きし、封かんしてください。外封筒には表面に宛先とともに入札件名、入札実施
K64: 日時を記入し、入札書在中と朱書きし、裏面に入札参加者名、差出人住所を記入してくだ
K65: さい。
K66: また、郵送した日に契約担当課に必ずメールにて入札書郵送連絡をしてください。
K67: 契約担当課電子メールアドレス：keiyaku@yokohama-cu.ac.jp
B68: 入札保証金 | J68: □ 入札金額の100分の5以上 | W68: ☑ 免除
J69: ※落札者の納付に係る入札保証金は、同者が契約を結ばないときは返還しない。
B70: 契約保証金 | J70: □ 契約金額の100分の10以上 | W70: ☑ 免除
J71: ※契約保証金は、納付した者が契約上の義務を履行しないときは返還しない。
B72: 取消等の禁止 | I72: 提出した入札書の引換え、変更又は取消しはできません。
B73: 無効の入札書 | J73: 次のいずれかに該当する場合は、無効となります。
I74: (1) | K74: 入札告示及び入札説明書に示した競争に参加する資格のない者の提出したもの
I75: (2) | K75: 購入等件名及び入札金額のないもの
I76: (3) | K76: 入札参加者本人の氏名（法人の場合は、その名称又は商号及び代表者の氏名）の
K77: ないもの若しくは判然としないもの
I78: (4) | K78: 購入等件名に重大な誤りがあるもの
I79: (5) | K79: 入札金額の記載が不明確なもの
I80: (6) | K80: 入札金額を訂正したもの
I81: (7) | K81: 鉛筆、その他容易に消去可能な筆記具を使用して記載したもの
I82: (8) | K82: 告示に示した入札参加者等に要求される事項を履行しなかった者が提出したもの
I83: (9) | K83: 書留郵便以外で郵送された場合
I84: (10) | K84: 中封筒に入札書を２通以上入れた場合
I85: (11) | K85: 中封筒に入札書他、入札時提出書類が同封されていない場合
I86: (12) | K86: 中封筒に入札書ほか、案件ごとの公告等で定めた入札時提出書類以外の不要なもの
K87: が同封されていたもの
I88: (13) | K88: 中封筒に入札件名他、定めた記載事項がない場合
I89: (14) | K89: 入札書と中封筒に記載された件名が一致しないとき
I90: (15) | K90: 入札説明書に定める入札書提出期限までに契約担当課に到着しないとき
I91: (16) | K91: その他入札に関する条件に違反したもの
B92: 開札 | J92: 本入札説明書記載の入札実施日時・場所において、当該入札事務に関係のない法人職員を立ち
J93: 会わせてこれを行います。
J94: また、入札参加者は希望により立ち会うことができます。禁止事項を遵守のうえ、本入札説明
J95: 書記載の入札開始時間までにお越しいただき、入札会場にて、入札参加者であることが証明でき
J96: るもの（名刺等）をお渡しください。
J97: なお、入札参加者ごとに１名の立ち会いとします。
B98: 開札時禁止事項 | I98: 1 | K98: 私語、談笑等
I99: 2 | K99: 携帯電話、スマートフォン、パソコン、タブレット等通信機器の使用
I100: 3 | K100: 拍手、歓声等により騒ぎ立てること
I101: 4 | K101: みだりに歩き回る等の不体裁な行為
I102: 5 | K102: 集団で傍聴を行うこと
I103: 6 | K103: 職員の指示に従わないこと
I104: 7 | K104: その他、入札事務の妨げとなる行為
B105: くじ引き | J105: 予定価格の範囲内で落札候補者となるべき同額の入札をした者が２者以上あった場合は、
J106: 直ちにくじ引きにより落札候補者を決定するものとします。
...

Sheet 質問書
B1: （第１号様式）
N2: 質 問 書
Y4: 令和 | AD4: 年 | AH4: 月 | AL4: 日
B5: (提出先)
B6: 公立大学法人横浜市立大学
B7: =入札説明書!N40 -> 研究基盤課 医学系研究費管理担当
R8: (質問者)
Q9: 所 在 地
Q11: 商号又は名称
Q12: 代表者職氏名
D15: 契約番号 | I15: 件名 | M15: =入札説明書!J9 -> 消化器内視鏡システム及び大腸ビデオスコープ一式の購入
D16: =入札説明書!I8 -> 大26010
B19: 上記件名に係る契約について、次のとおり質問します。
B21: 部署 | U21: TEL
B22: 担当者氏名 | U22: メール
B24: 番号 | P24: 質問内容
C30: 仕様(設計)書の内容等について質問がある場合は、入札説明書に記載した質問締切日時までに、質問内容を記載したこの用紙をメールで送信し、その旨を電話でお知らせください。 質問欄が足りない場合は、適宜行を挿入して記入してください。 また、別紙に質問を記入した場合は、本様式に添付してお送りください。
B31: 【送信先】 | G31: 公立大学法人横浜市立大学 | R31: =入札説明書!N40 -> 研究基盤課 医学系研究費管理担当
D32: =入札説明書!N41 -> （電子メールアドレス）fkenkyu@yokohama-cu.ac.jp | Z32: =入札説明書!AC40 -> （電話）０４５－７８７－２５０３
C33: 質問がない場合は、質問書の提出は不要です。
B34: 【注意事項】
B35: 質問書には、告示で掲出している仕様（設計）書、図書資料についての質問を記載してください。
B36: 入札や契約に係る事務手続きなどは質問書に記載せず、入札説明書記載の契約担当課へ
B37: ご連絡ください。

Sheet 入札書
B1: （第２号様式） | AC1: （ | AE1: 第 | AJ1: 回 | AL1: ）
N3: 入札書
Y5: 令和 | AD5: 年 | AH5: 月 | AL5: 日
B6: (あて先)
B7: 公立大学法人横浜市立大学
B8: 理事長
O9: 所 在 地
O11: 商号又は名称
O13: 代表者職氏名
O15: 代理人氏名 （対面入札のみ）
C18: 次の金額で、関係書類を熟覧の上、公立大学法人横浜市立大学契約事務取扱規程
B19: を遵守し入札します。
B21: 金額 | I21: 億 | L21: 千 | O21: 百 | R21: 十 | U21: 万 | X21: 千 | AA21: 百 | AD21: 十 | AG21: 円
B25: （入札金額＝契約希望金額×100／110とし、総価を記入）
B27: 郵便入札のみ くじ番号 | Y27: 郵便入札の場合は、 任意の３桁の数字を記入
C29: 契約番号 | H29: 件名 | M29: =入札説明書!J9 -> 消化器内視鏡システム及び大腸ビデオスコープ一式の購入
C30: =入札説明書!I8 -> 大26010
O33: （契約担当者部署名）
O34: （フリガナ）
O35: （契約担当者氏名）
O36: （契約担当者TEL）
O37: （契約担当者メール）
B38: （注意）
C39: 1 | D39: 入札書に記載する金額は総価とし、消費税法第９条第１項規定の免税事業者であるか課税事業者であるかを問わず、見積もった契約希望額の110分の100に相当する金額を記載してください。契約金額は、入札書記載金額に当該金額の100分の10に相当する額を加算した金額（その額に１円未満の端数があるときは、当該端数金額を切り捨てた額）とします。
C40: 2 | D40: 郵便入札の場合、くじ番号は000から999の範囲内で、３桁の数字を記入してください。くじ番号が不明瞭又は未記入の場合は、該当部分に「９」を割り当てます。
C41: 3 | D41: 鉛筆、その他容易に消去可能な筆記具を使用して記載した場合、無効となります。

Sheet 入札書 (記入例) 
AC1: （ | AE1: 第 | AG1: 1 | AJ1: 回 | AL1: ）
N3: 入札書
Y5: 令和 | AB5: * | AD5: 年 | AF5: * | AH5: 月 | AJ5: * | AL5: 日
B6: (あて先)
B7: 公立大学法人横浜市立大学
Q9: 所 在 地 | X9: ◎◎◎○○区△△1-1
X10: ☆☆ビル
Q11: 商号又は名称 | X11: ■■■■株式会社
Q13: 代表者職氏名 | X13: 代表取締役 ◇◇◇◇
Q15: 代理人氏名 （対面入札のみ） | X15: ■■■■株式会社 ▽▽▽▽支店長 ○○ ●●●
A19: 次の金額で、関係書類を熟覧の上、公立大学法人横浜市立大学契約事務取扱規程を
A20: 遵守し入札します。
B22: 金額 | I22: 億 | L22: 千 | O22: 百 | R22: 十 | U22: 万 | X22: 千 | AA22: 百 | AD22: 十 | AG22: 円
I23: ￥ | L23: * | O23: * | R23: * | U23: * | X23: * | AA23: * | AD23: * | AG23: *
B26: （入札金額＝契約希望金額×100／110とし、総価を記入）
B28: 郵便入札のみ くじ番号 | I28: 1 | N28: 2 | S28: 3 | Y28: 郵便入札の場合は、 任意の３桁の数字を記入
C30: 契約番号 | H30: 件名 | M30: ●●●●●●
C31: ××××
O34: （契約担当者部署名）
O35: （フリガナ）
O36: （契約担当者氏名）
O37: （契約担当者TEL）
O38: （契約担当者メール）
B39: （注意）
C40: 1 | D40: 入札書に記載する金額は総価とし、消費税法第９条第１項規定の免税事業者であるか課税事業者であるかを問わず、見積もった契約希望額の110分の100に相当する金額を記載してください。契約金額は、入札書記載金額に当該金額の100分の10に相当する額を加算した金額（その額に１円未満の端数があるときは、当該端数金額を切り捨てた額）とします。
C41: 2 | D41: 郵便入札の場合、くじ番号は000から999の範囲内で、３桁の数字を記入してください。くじ番号が不明瞭又は未記入の場合は、該当部分に「９」を割り当てます。
C42: 3 | D42: 鉛筆、その他容易に消去可能な筆記具を使用して記載した場合、無効となります。

Sheet 開札立会申請書
A2: 開 札 立 会 申 請 書
X5: 令和 | AB5: 年 | AF5: 月 | AJ5: 日
B6: (あて先)
B7: 公立大学法人横浜市立大学
B8: 理事長 二 見 良 之
C11: 以下の入札の開札立会を希望しますので、申請いたします。
C13: 契約番号 | I13: 件名 | N13: =入札説明書!J9 -> 消化器内視鏡システム及び大腸ビデオスコープ一式の購入
C14: =入札説明書!I8 -> 大26010
C16: 開札日時 | I16: 令和 | N16: 年 | R16: 月 | V16: 日
C18: 申請者住所 | I18: 〒
C20: 申請者商号
C21: 又は名称
C22: 立会参加者 | I22: 部署名 | Y22: 氏名
C24: 立会参加者 | U24: 立会参加者
C25: ＴＥＬ | U25: ＦＡＸ
C26: 立会参加者
C27: メール
A35: （注意）
B36: 1 | C36: 開札の立ち合い希望のため、札入れはできません。
B37: 2

Sheet 入札書【値引率】
B1: （第２号様式） | AF1: （第 回）
N3: 入札書
AL5: 令和 年 月 日
B6: (あて先)
B7: 公立大学法人横浜市立大学
B8: 理事長
Q9: 所 在 地
Q11: 商号又は名称
Q13: 代表者職氏名
Q15: 代理人氏名 （対面入札のみ）
A18: 次の値引率で、関係書類を熟覧の上、公立大学法人横浜市立大学契約事務取扱規程を遵守し入札
A19: します。
C21: 契約番号 | H21: 件名 | M21: =入札説明書!J9 -> 消化器内視鏡システム及び大腸ビデオスコープ一式の購入
C22: =入札説明書!I8 -> 大26010
F26: 入札金額 | O26: 値引率 | Z26: パーセント
W27: ．
C29: 入札の方法：図書の本体価格（消費税及び地方消費税相当額を含まない金額）に対する
C30: 値引額の割合（値引率）を入札金額とする。
C31: 値引率の記載方法：値引率は、小数点以下第１位まで、「○○．○パーセント」のように
C32: 記載すること。
C33: 落札者の決定方法：図書の購入価格が、予定価格以下の価格において最低の価格
C34: となる値引率（図書の本体価格に対する値引額の割合）で入札した者を落札候補者とする。
B37: 郵便入札のみ くじ番号記入 | Y37: 郵便入札の場合は、 任意の３桁の数字を記入
O39: （契約担当者部署名）
O40: （フリガナ）
O41: （契約担当者氏名）
O42: （契約担当者TEL）
O43: （契約担当者メール）
B44: （注意）
C45: 1 | D45: 郵便入札の場合、くじ番号は000から999の範囲内で、３桁の数字を記入してください。くじ番号が不明瞭又は未記入の場合は、該当部分に「９」を割り当てます。
C46: 2 | D46: 鉛筆、その他容易に消去可能な筆記具を使用して記載した場合、無効となります。

Sheet 委任状
A1: （第３号様式）
A3: 委 任 状 | AO3: 委任状は、入札書を持参する入札（対面入札）のみ必要です。
X6: 令和 | AB6: 年 | AF6: 月 | AJ6: 日
B8: (あて先)
B9: 公立大学法人横浜市立大学
B10: 理事長
Q13: 所 在 地
Q15: 商号又は名称
Q17: 代表者職氏名
B22: 私は、 | P22: を代理人と定め、次の権限を委任します。
P25: 委 任 事 項
C28: 契約番号 | I28: 件名 | N28: =入札説明書!J9 -> 消化器内視鏡システム及び大腸ビデオスコープ一式の購入
C29: =入札説明書!I8 -> 大26010
B33: 令和 | F33: 年 | I33: 月 | L33: 日 | M33: に公立大学法人横浜市立大学が行う上記件名の入札及び見積り
A34: に関する一切の権限

Sheet 引受証明書
Y1: 令和 | AB1: 年 | AF1: 月 | AJ1: 日
N3: 引受証明書
B4: （あて先）
B5: 公立大学法人横浜市立大学
B6: 理事長
S7: （証明者）
S8: 所在地
S9: 商号又は名称
S11: 代表者職氏名
O12: （担当者）
O13: （担当部署）
O14: （フリガナ）
O15: （担当者氏名）
O16: （担当者TEL）
O17: （担当者メール）
B19: =入札説明書!B6 -> 46296 | K19: 告示番号 | P19: =入札説明書!N1 -> 92 | T19: で公表（告示）された次の調達案件に関し、
A20: （入札参加者） | S20: が落札の際には、仕様書に記載の物品について、
A21: 期限（期間）を厳守し供給することを証明します。
B23: 契約番号 | I23: 件名 | K23: =入札説明書!J9 -> 消化器内視鏡システム及び大腸ビデオスコープ一式の購入
B24: =入札説明書!I8 -> 大26010
A26: 1 | C26: 品名等の内訳
C27: 品名 | R27: メーカー・型番・仕様等 | AG27: 数量
A35: 2 | C35: 入札参加者に供給する期限・期間 | AU35: □
B36: □ | D36: 令和 | I36: 年 | M36: 月 | Q36: 日 | AU36: ☑
B37: □ | D37: 契約締結した日から | O37: 日以内
B38: □ | D38: 契約締結した日から令和 | Q38: 年 | U38: 月 | Y38: 日まで
A40: 3 | C40: 自己証明 | AU40: □
B41: □ | D41: メーカー | I41: □ | K41: 販売代理店 | Q41: □ | S41: 特約店 | W41: □ | Y41: その他 | AU41: ☑
B42: 上記により、本引受証明書は自己証明となります。
A44: ① | C44: 証明者欄は、メーカー、販売代理店、特約店等の、入札参加者に対して当該物品を供給する者（支社、
C45: 支店等でも可）が記載してください。（自己証明不可。ただし、入札に参加する者がメーカー、販売代理店、
C46: 特約店等の場合は３を漏れなく記入してください。）
A47: ② | C47: 品名等の内訳欄には、仕様書に基づいて、供給物品ごとに品名、メーカー・型番（仕様等）、
C48: 数量を記載してください。枠内に記載しきれない場合、内訳書を別途作成し添付してください。

Sheet 引受証明書 (記入例)
Y1: 令和 | Z1: * | AB1: 年 | AD1: * | AF1: 月 | AH1: * | AJ1: 日 | BL1: 令和 | BM1: * | BO1: 年 | BQ1: * | BS1: 月 | BU1: * | BW1: 日
N3: 引受証明書 | BA3: 引受証明書
B4: （あて先） | AO4: （あて先）
B5: 公立大学法人横浜市立大学 | AO5: 公立大学法人横浜市立大学
B6: 理事長 | AO6: 理事長
S7: （証明者） | Y7: ◎◎◎○○区△△1-1 | BF7: （証明者） | BL7: ◎◎◎○○区△△1-1
S8: 所在地 | BF8: 所在地
S9: 商号又は名称 | Y9: 株式会社Ｂ | BF9: 商号又は名称 | BL9: 株式会社Ｂ
S11: 代表者職氏名 | Y11: 代表取締役 ◇◇◇◇ | BF11: 代表者職氏名 | BL11: 代表取締役 ◇◇◇◇
O12: （担当者） | BB12: （担当者）
O13: （担当部署） | X13: ○○課●●係 | BB13: （担当部署） | BK13: ○○課●●係
O14: （フリガナ） | X14: ショウメイ タントウ | BB14: （フリガナ） | BK14: ショウメイ タントウ
O15: （担当者氏名） | X15: 証明 担当 | BB15: （担当者氏名） | BK15: 証明 担当
O16: （担当者TEL） | X16: 045-123-4567 | BB16: （担当者TEL） | BK16: 045-123-4567
O17: （担当者メール） | X17: ○○●●＠■■■■kk.co.jp | BB17: （担当者メール） | BK17: ○○●●＠■■■■kk.co.jp
B19: 令和●年●月●日 | K19: 告示番号 | P19: 1 | T19: で公表（告示）された次の調達案件に関し、 | AO19: 令和●年●月●日 | AX19: 告示番号 | BC19: 1 | BG19: で公表（告示）された次の調達案件に関し、
A20: （入札参加者） | H20: Ａ株式会社 | S20: が落札の際には、仕様書に記載の物品について、 | AN20: （入札参加者） | AU20: 株式会社Ｂ | BF20: が落札の際には、仕様書に記載の物品について、
A21: 期限（期間）を厳守し供給することを証明します。 | AN21: 期限（期間）を厳守し供給することを証明します。
B23: 契約番号 | I23: 件名 | K23: ●●●●●●●●●●●●●●●一式の購入 | AO23: 契約番号 | AV23: 件名 | AX23: ●●●●●●●●●●●●●●●一式の購入
B24: 大×××× | AO24: 大××××
A26: 1 | C26: 品名等の内訳 | AN26: 1 | AP26: 品名等の内訳
C27: 品名 | R27: メーカー・型番・仕様等 | AG27: 数量 | AP27: 品名 | BE27: メーカー・型番・仕様等 | BT27: 数量
C28: ●●●●●● （HDD付） | R28: Ｂ社製 ABC-D-EF-122 | AG28: 一式 | AP28: ●●●●●● （HDD付） | BE28: Ｂ社製 ABC-D-EF-122 | BT28: 一式
A35: 2 | C35: 入札参加者に供給する期限・期間 | AN35: 2 | AP35: 入札参加者に供給する期限・期間 | CH35: □
B36: □ | D36: 令和 | I36: 年 | M36: 月 | Q36: 日 | AO36: □ | AQ36: 令和 | AV36: 年 | AZ36: 月 | BD36: 日 | CH36: ☑
B37: ☑ | D37: 契約締結した日から | M37: 30 | O37: 日以内 | AO37: ☑ | AQ37: 契約締結した日から | AZ37: 30 | BB37: 日以内
B38: □ | D38: 契約締結した日から令和 | Q38: 年 | U38: 月 | Y38: 日まで | AO38: □ | AQ38: 契約締結した日から令和 | BD38: 年 | BH38: 月 | BL38: 日まで
A40: 3 | C40: 自己証明 | AN40: 3 | AP40: 自己証明 | CH40: □
B41: □ | D41: メーカー | I41: □ | K41: 販売代理店 | Q41: □ | S41: 特約店 | W41: □ | Y41: その他 | AO41: ☑ | AQ41: メーカー | AV41: □ | AX41: 販売代理店 | BD41: □ | BF41: 特約店 | BJ41: □ | BL41: その他 | CH41: ☑
B42: 上記により、本引受証明書は自己証明となります。 | AO42: 上記により、本引受証明書は自己証明となります。
A44: ① | C44: 証明者欄は、メーカー、販売代理店、特約店等の、入札参加者に対して当該物品を供給する者（支社、 | AN44: ① | AP44: 証明者欄は、メーカー、販売代理店、特約店等の、入札参加者に対して当該物品を供給する者（支社、
C45: 支店等でも可）が記載してください。（自己証明不可。ただし、入札に参加する者がメーカー、販売代理店、 | AP45: 支店等でも可）が記載してください。（自己証明不可。ただし、入札に参加する者がメーカー、販売代理店、
C46: 特約店等の場合は３を漏れなく記入してください。） | AP46: 特約店等の場合は３を漏れなく記入してください。）
A47: ② | C47: 品名等の内訳欄には、仕様書に基づいて、供給物品ごとに品名、メーカー・型番（仕様等）、 | AN47: ② | AP47: 品名等の内訳欄には、仕様書に基づいて、供給物品ごとに品名、メーカー・型番（仕様等）、
C48: 数量を記載してください。枠内に記載しきれない場合、内訳書を別途作成し添付してください。 | AP48: 数量を記載してください。枠内に記載しきれない場合、内訳書を別途作成し添付してください。

Sheet 業務受注経歴書
AG1: 令和 | AL1: 年 | AP1: 月 | AT1: 日
A3: 業務受注経歴書
A5: (あて先)
A6: 公立大学法人横浜市立大学理事長
V8: 所 在 地
V9: 商号又は名称
V11: 代表者職氏名
B13: 契約番号 | H13: =入札説明書!I8 -> 大26010 | Q13: 件名 | V13: =入札説明書!J9 -> 消化器内視鏡システム及び大腸ビデオスコープ一式の購入
B16: =入札説明書!B6 -> 46296 | N16: 付告示 | R16: =入札説明書!N1 -> 92 | W16: の上記入札案件について、次のとおり
B17: 業務受注経歴があり、当該案件に係る契約の履行が可能です。
B19: 受注経歴を記入してください。
B20: 発注者 | L20: 件名 | U20: 業務内容 | AF20: 契約金額(千円) | AN20: 履行期間
C25: （注意）１ 本件と同規模の受注（発注者は、大学図書館・又は公共図書館とします）について、完了した ものを記載してください（発注者が本学である受注については、履行中のものも記載すること ができます）。 ２ 経歴欄に記入しきれない場合は、必要に応じて資料を添付してください。

Sheet 図書納入受注経歴書
AI1: 令和 年 月 日
A3: 図書納入受注経歴書
A5: (あて先)
A6: 公立大学法人横浜市立大学理事長
V8: 所 在 地
V9: 商号又は名称
V11: 代表者職氏名
B14: 契約番号 | H14: =入札説明書!I8 -> 大26010 | Q14: 件名 | V14: =入札説明書!J9 -> 消化器内視鏡システム及び大腸ビデオスコープ一式の購入
B17: =入札説明書!B6 -> 46296 | N17: 付告示 | R17: =入札説明書!N1 -> 92 | W17: の上記入札案件について、次のとおり受注経歴があり、
B18: 当該案件に係る契約の履行が可能です。
B20: 納入実績を記入してください。
B21: 発注者 | O21: 件名 | Z21: タイトル数 | AF21: 契約金額(千円) | AN21: 履行期間
C39: （注意）１ 本件と同規模（タイトル数、金額）の受注（発注者は、官公庁・民間、大学図書館・その他 を問いません。）について、完了したものを記載してください。（発注者が本学である受注に ついては、履行中のものも記載することができます。） ２ 経歴欄に記入しきれない場合は、必要に応じて資料を添付してください。

Sheet 納入実績調書（物品）
Y1: 令和 | AB1: 年 | AF1: 月 | AJ1: 日
A3: 納 入 実 績 調 書
B5: （あて先）
B6: 公立大学法人横浜市立大学
B7: 理事長
S9: 所在地
S10: 商号又は名称
S12: 代表者職氏名
B14: 次の案件について、同等の実績があり、当該案件に係る物品等の納入が可能です。
B16: 契約番号 | I16: 件名 | K16: =入札説明書!J9 -> 消化器内視鏡システム及び大腸ビデオスコープ一式の購入
B17: =入札説明書!I8 -> 大26010
A19: 1 | C19: 納入実績を記入してください（納入先は、官公庁・民間を問いません）。
B20: 納入先 | J20: 件名 | V20: 数量 | Y20: 契約金額（千円） | AH20: 納入年月日
A40: （注意） | E40: 1 | G40: 納入実績欄に記入しきれない場合は、必要に応じて資料を添付してください。
E41: 2 | G41: この入札における入札参加資格（条件）を満たす実績がない場合は、
F42: 引受証明書を提出してください。

Sheet 封筒貼付用ラベル
A1: 【入札用ラベル】点線から切り取り、各封筒に貼付のうえ、ご使用ください。
A2: なお、入札参加者名には会社名等の団体名をご記入ください。 ※使用は必須ではありません
A3: 中封筒貼付用ラベル（ヨコ） | Z3: 外封筒貼付用ラベル（ヨコ）
Z6: 封筒オモテ貼付
B7: 契約番号 | I7: =入札説明書!I8 -> 大26010 | AA7: 入札件名 | AH7: =I9 -> 消化器内視鏡システム及び大腸ビデオスコープ一式の購入
B9: 入札件名 | I9: =入札説明書!J9 -> 消化器内視鏡システム及び大腸ビデオスコープ一式の購入 | AA9: 入札日時 | AH9: ① | AJ9: =K14 -> 46317 | AQ9: =K15 -> 0.41666667
AH10: ② | AJ10: =K16 -> 46324 | AQ10: =K17 -> 0.54166667
B11: 入札参加者名 （社名）
Z12: 封筒ウラ貼付
AA13: 住所
B14: 入札日時 | I14: ① | K14: =入札説明書!J11 -> 46317
K15: =入札説明書!W11 -> 0.41666667 | AA15: 入札参加者名 （社名）
I16: ② | K16: =入札説明書!O109 -> 46324
K17: =入札説明書!Z109 -> 0.54166667
A20: 中封筒貼付用ラベル（タテ） | T20: 外封筒貼付用ラベル（タテ） | AS20: ※別途、中・外封筒ともに「入札書在中」と朱書きしてください
AG23: 封筒ウラ貼付 | AQ23: 封筒オモテ貼付
B24: 入札日時 | F24: 入札参加者名 （社名） | L24: 入札件名 | P24: 契約番号 | U24: 入札参加者名 （社名） | AA24: 住所 | AI24: 入札日時 | AM24: 入札件名
B31: ① | L31: =I9 -> 消化器内視鏡システム及び大腸ビデオスコープ一式の購入 | P31: =I7 -> 大26010 | AI31: ① | AM31: =I9 -> 消化器内視鏡システム及び大腸ビデオスコープ一式の購入
B33: =K15 -> 0.41666667 | D33: =K14 -> 46317 | AI33: =K15 -> 0.41666667 | AK33: =K14 -> 46317
B44: ② | AI44: ②
B46: =K17 -> 0.54166667 | D46: =K16 -> 46324 | AI46: =K17 -> 0.54166667 | AK46: =K16 -> 46324
